 Dungeon Crawl Stone Soup version 0.29.1-1-gd02db6906a (webtiles) character file.

Game seed: 1947179854298808033

238 Icepheonix32 the Insei (level 6, -3/43 HPs)
             Began as a Merfolk Transmuter on Sept 16, 2022.
             Slain by an orc
             ... wielding a +0 mace
              (7 damage)
             ... on level 3 of the Dungeon.
             The game lasted 00:04:44 (4221 turns).

Icepheonix32 the Insei (Merfolk Transmuter)         Turns: 4221, Time: 00:04:44

Health: -3/43      AC:  2    Str: 10    XL:     6   Next: 7%
Magic:  6/9        EV: 13    Int: 20    God:
Gold:   217        SH:  0    Dex: 15    Spells: 4/10 levels left

rFire   . . .      SeeInvis .     - Unarmed
rCold   . . .      Faith    .   (no shield)
rNeg    . . .      Spirit   .   a - +0 robe
rPois   .          Reflect  .   (no helmet)
rElec   .          Harm     .   (no cloak)
rCorr   .          Rampage  .   (no gloves)
Will    .....                   (no boots)
Stlth   ++........              (no amulet)
HPRegen 0.14/turn               e - +6 ring of intelligence
MPRegen 0.11/turn               (no ring)

@: no status effects
A: (nimble swimmer 2), mertail
a: no special abilities


You were on level 3 of the Dungeon.
You visited 1 branch of the dungeon, and saw 3 of its levels.

You collected 217 gold pieces.

Inventory:

Missiles
 c - 4 silver boomerangs
Armour
 a - a +0 robe (worn)
Jewellery
 e - a +6 ring of intelligence (left hand)
 k - a ring of willpower
Wands
 m - a wand of flame (21)
Scrolls
 d - a scroll of noise {unknown}
 f - 2 scrolls of vulnerability {unknown}
 g - 2 scrolls of teleportation {unknown}
 i - a scroll of acquirement {unknown}
 j - a scroll of identify {unknown}
Potions
 b - a potion of lignification
 h - a potion of invisibility {unknown}
 l - a potion of heal wounds {unknown}
 n - a potion of flight {unknown}


   Skills:
 + Level 1.2 Fighting
 * Level 4.2 Dodging
 + Level 1.7 Stealth
 + Level 4.7 Unarmed Combat
 + Level 2.6 Spellcasting
 * Level 4.3 Transmutations
 * Level 1.5 Poison Magic


You had 4 spell levels left.
You knew the following spells:

 Your Spells              Type           Power      Damage    Failure   Level
a - Beastly Appendage     Tmut           40%        N/A       2%          1
b - Wereblood             Tmut           20%        N/A       3%          2
c - Spider Form           Tmut/Pois      14%        N/A       13%         3

Your spell library contained the following spells:

 Spells                   Type           Power      Damage    Failure   Level
 Passwall                 Tmut/Erth      9%         N/A       10%         2
 Ensorcelled Hibernation  Hex/Ice        4%         N/A       22%         2
 Swiftness                Air            2%         N/A       41%         3
 Ice Form                 Ice/Tmut       11%        N/A       52%         4


Dungeon Overview and Level Annotations

Branches:
Dungeon (3/15)

Altars:

Annotations:
D:3 1 runed translucent door, Crazy Yiuf, Sigmund


Innate Abilities, Weirdness & Mutations

((You are very nimble when in or above water. (Stealth+, EV+, Speed+++)))
Your lower body shifts to a powerful aquatic tail in water.


Message History

You are too confused!
You are too confused!
You are too confused!
You are too confused!
You are too confused!
You are too confused!
You are too confused!
You are too confused!
You are too confused!
You are too confused!
You are too confused!
You are too confused!
You are too confused!
You are too confused!
Unknown command.
You hit the orc.
The orc is poisoned.
The orc is heavily wounded.
Your transformation has ended.
Your +0 robe unmelds from your body.
You kill the orc wizard!
The orc closely misses you.
You have reached level 6!
You miss the orc. Your punch misses the orc. The orc hits you with a +0 mace.
The orc hits you with a +0 morningstar.
You bump into the rock wall.
The orc closely misses you. The orc misses you.
Unknown command.
The orc hits you with a +0 mace.
Things that are here:
a +0 short sword; an orc corpse Unknown command.
You hit the orc.
The orc is lightly wounded.
The orc hits you with a +0 mace. The orc hits you with a +0 morningstar!
You bump into the rock wall.
You feel less confused. The orc hits you with a +0 mace.
The orc hits you with a +0 morningstar!
* * * LOW HITPOINT WARNING * * *
Unknown command.
The orc hits you with a +0 mace!
You die...

##...#...#...#...#...#...........
##.#...#...#...#...#...#..#######
.....#...#...#...#...#....#
#..#...#...#...#...#...#..#
##...#)..#...#...#...#....#
...#...#...#...#...#...#..#
#....#...#...#..o#...#....#
#..#...#...#...#)o.#...#..#
.....#...#...#..@#...#....#
...#...#...#...#...#...#
..#..#...#...#...#...#..
#......#...#...#...#..##
#.##.....#...#...# .(.# #.
###.... #.. #.. #### #. #### ..#
.## #. ## #


You could see 2 orcs.

Vanquished Creatures
  An ice beast (D:3)
  An orc wizard (D:3)
  5 adders (D:2)
  4 dart slugs
  2 orcs (D:3)
  6 ball pythons
  2 endoplasms
  5 giant cockroaches
  5 hobgoblins
  2 jackals (D:3)
  7 kobolds
  A quokka (D:1)
  6 bats
  A frilled lizard (D:2)
  9 goblins
  6 rats
63 creatures vanquished.

Notes
Turn   | Place    | Note
-------+----------+-------------------------------------------
     0 | D:1      | Icepheonix32 the Merfolk Transmuter began the quest for the
                  | Orb.
     0 | D:1      | Reached XP level 1. HP: 15/15 MP: 3/3
   205 | D:1      | Reached XP level 2. HP: 21/21 MP: 3/5
  1042 | D:1      | Found a faded altar of an unknown god.
  1048 | D:1      | Reached XP level 3. HP: 26/26 MP: 4/6
  1057 | D:1      | Learned a level 2 spell: Wereblood
  1061 | D:1      | Learned a level 3 spell: Spider Form
  1921 | D:2      | Reached XP level 4. HP: 24/32 MP: 5/7
  2855 | D:2      | Reached skill level 1 in Stealth
  3199 | D:3      | Noticed an ice beast
  3241 | D:3      | Killed an ice beast
  3242 | D:3      | Reached skill level 1 in Poison Magic
  3242 | D:3      | Reached XP level 5. HP: 15/37 MP: 2/8
  3433 | D:3      | Found a runed translucent door.
  3434 | D:3      | Noticed Crazy Yiuf
  3478 | D:3      | Noticed Sigmund
  4216 | D:3      | Reached XP level 6. HP: 43/43 MP: 6/9
  4221 | D:3      | Slain by an orc

Illustrated notes

Levels and vault maps discovered:
D:1:      dpeg_arrival_fog, layout_loops_corners,
          hellmonk_ecumenical_altar_crossroads, minmay_pentomino_z4
D:2:      layout_basic, minmay_goblin_outpost
D:3:      layout_loops_ring, wad_floor_pattern_untrapped, grunt_ministairs_4,
          minmay_misc_feat_doors, hex_large, uniq_crazy_yiuf_cottage,
          uniq_sigmund

Skill      XL: |  1  2  3  4 |
---------------+-------------+-----
Transmutations | 3 4 |  4.3
Dodging        | 3 4 |  4.2
Unarmed Combat | 4 |  4.7
Stealth        | 1 |  1.7
Poison Magic   | 1 |  1.5
Fighting       | |  1.2
Spellcasting   | |  2.6

Action                   |  1- 3 |  4- 6 || total
-------------------------+-------+-------++-------
Melee: Unarmed           |   112 |    99 ||   211
       Headbutt          |    17 |     8 ||    25
       Punch             |     2 |     6 ||     8
 Cast: Beastly Appendage |    21 |    14 ||    35
       Spider Form       |       |     5 ||     5
  Use: Potion            |     1 |     1 ||     2
 Stab: Sleeping          |     2 |     5 ||     7
Armor: Robe              |    22 |     6 ||    28
       Skin              |       |     1 ||     1
Dodge: Dodged            |    88 |    72 ||   160
